 Dungeon Crawl Stone Soup version 0.30-a0-371-gad7725a93e (webtiles) character file.

Game seed: 11528008994145546943

220 ryw the Covered (level 5, -1/46 HPs)
             Began as a Demigod Fighter on Nov 22, 2022.
             Slain by a gnoll
             ... wielding a +0 flail
              (9 damage)
             ... on level 4 of the Dungeon.
             The game lasted 00:05:32 (3072 turns).

ryw the Covered (Demigod Fighter)                   Turns: 3072, Time: 00:05:33

Health: -1/46      AC: 11    Str: 21    XL:     5   Next: 37%
Magic:  7/7        EV:  7    Int: 10    God:
Gold:   277        SH:  5    Dex: 13    Spells: 4/4 levels left

rFire   . . .      SeeInvis .    a - +0 flail
rCold   . . .      Faith    .    c - +0 buckler
rNeg    . . .      Spirit   .    f - +0 chain mail
rPois   .          Reflect  .    (no helmet)
rElec   .          Harm     .    l - +0 cloak
rCorr   .          Rampage  .    m - +0 pair of gloves
Will    .....                    (no boots)
Stlth   ..........               (no amulet)
HPRegen 0.27/turn                (no ring)
MPRegen 0.10/turn                (no ring)

@: no status effects
A: high MP 1, forlorn, divine attributes
a: no special abilities


You were on level 4 of the Dungeon.
You visited 1 branch of the dungeon, and saw 4 of its levels.

You collected 277 gold pieces.

Inventory:

Hand Weapons
 a - a +0 flail (weapon)
Missiles
 i - 3 datura-tipped darts (quivered)
 k - 15 poisoned darts
Armour
 c - a +0 buckler (worn)
 f - a +0 chain mail (worn)
 l - a +0 cloak (worn)
 m - a +0 pair of gloves (worn)
Jewellery
 o - a ring of wizardry
Wands
 t - a wand of acid (8)
Scrolls
 b - a scroll of blinking {unknown}
 g - 2 scrolls of poison {unknown}
 h - 2 scrolls of teleportation
 n - a scroll of amnesia {unknown}
 p - a scroll of silence {unknown}
 q - a scroll of summoning {unknown}
 r - a scroll of vulnerability {unknown}
 u - a scroll of magic mapping {unknown}
 w - a scroll of identify
Potions
 d - 2 potions of might
 e - 2 potions of lignification {unknown}
 j - 2 potions of haste
 s - 2 potions of brilliance {unknown}
 v - a potion of curing {unknown}
 x - a potion of berserk rage {unknown}
 z - a potion of magic {unknown}
 A - a potion of heal wounds {unknown}


   Skills:
 + Level 3.7 Fighting
 + Level 3.0 Maces & Flails
 + Level 3.7 Armour
 + Level 3.7 Shields


You had 4 spell levels left.
You didn't know any spells.
Your spell library contained the following spells:

 Spells                   Type           Power      Damage    Failure   Level
 Gell's Gravitas          Tloc           0%         N/A       100%        3
 Lesser Beckoning         Tloc           0%         N/A       100%        3
 Teleport Other           Tloc           0%         N/A       100%        3


Dungeon Overview and Level Annotations

Branches:
Dungeon (4/15)
 Temple: D:4-7


Innate Abilities, Weirdness & Mutations

You have an increased reservoir of magic. (+10% MP)
You shall have no god before yourself.
Your divine heritage dramatically boosts your attributes as you level up.


Message History

You open the door. 2 gnolls come into view.
A gnoll is wielding a +0 vampiric halberd.
The gnoll shouts! x2; You hear a shout!
A gnoll comes into view. It is wielding a +0 flail.
The gnoll throws a throwing net.
The throwing net hits you.
You become entangled in the net!
You hear a shout!
There are monsters nearby!
You are held in a net!
Unknown command.
You struggle against the net.
You tear a large gash into the net.
You struggle against the net.
You rip the net and break free!
You block the gnoll's attack.
A gnoll comes into view. It is wielding a +0 club.
The gnoll hits you from afar with a +0 vampiric halberd.
The gnoll hits you with a +0 flail.
The gnoll hits you from afar with a +0 vampiric halberd.
You hit the gnoll.
The gnoll is lightly wounded.
The gnoll hits you with a +0 flail.
The gnoll hits you from afar with a +0 vampiric halberd.
The gnoll closely misses you. The gnoll hits you with a +0 flail.
The gnoll attacks as you move away! The gnoll hits you with a +0 flail.
The gnoll attacks as you move away! The gnoll hits you but does no damage.
The gnoll attacks as you move away! The gnoll hits you with a +0 flail!
* * * LOW HITPOINT WARNING * * *
There is an open door, spattered with blood here.
You see here a hound corpse.
The gnoll attacks as you move away! The gnoll closely misses you.
You sock the gnoll!
The gnoll is heavily wounded.
The gnoll hits you with a +0 flail.
* * * LOW HITPOINT WARNING * * *
The gnoll barely misses you. The gnoll attacks as you move away!
The gnoll closely misses you. The gnoll attacks as you move away!
The gnoll hits you with a +0 flail!
You die...

#.(. #... ###########...
#.....)....... ###
#............. ..#
.##########.............
..+
........g.gg..........>.
..#
#######g###..........#'#
..# #@# #..........#.#
### #.# #..........#g#
###'##############g.
#........# #.#
#........# #.#
#........### #.#
#..........# ###
#......†...# ..##
######.#...#


You could see 2 gnolls.

Vanquished Creatures
  A hound (D:4)
  Terence (D:1)
  3 gnolls (D:1)
  5 adders
  An ufetubus (D:4)
  2 dart slugs
  2 orcs (D:3)
  9 ball pythons
  4 bats
  5 endoplasms
  5 giant cockroaches
  5 goblins
  7 hobgoblins
  6 jackals
  A quokka (D:2)
  2 frilled lizards (D:2)
  11 kobolds
  7 rats
77 creatures vanquished.

Notes
Turn   | Place    | Note
-------+----------+-------------------------------------------
     0 | D:1      | ryw the Demigod Fighter began the quest for the Orb.
     0 | D:1      | Reached XP level 1. HP: 18/18 MP: 3/3
   145 | D:1      | Reached XP level 2. HP: 25/25 MP: 4/4
   541 | D:1      | Reached XP level 3. HP: 29/31 MP: 5/5
   837 | D:2      | Noticed Terence
  1093 | D:1      | Killed Terence
  1094 | D:1      | Reached XP level 4. HP: 27/38 MP: 6/6
  2800 | D:4      | Reached XP level 5. HP: 45/45 MP: 7/7
  3072 | D:4      | Slain by a gnoll

Illustrated notes

Levels and vault maps discovered:
D:1:      minmay_arrival_open_corners, layout_loops_ring
D:2:      layout_loops_ring, minmay_between, uniq_terence
D:3:      layout_loops_corners, lemuel_coloured_pillars_altar,
          shapermc_ecumenical_altar_pompeii
D:4:      layout_basic, cheibrodos_ashenzari_chains

Skill      XL: |  1  2  3  4  5 |
---------------+----------------+-----
Maces & Flails | 2 3 |  3.0
Fighting       | 3 |  3.7
Shields        | 3 |  3.7
Armour         | 3 |  3.7

Action                   |  1- 3 |  4- 6 || total
-------------------------+-------+-------++-------
Melee: Flail             |   114 |   179 ||   293
  Use: Scroll            |     3 |     1 ||     4
       Potion            |     1 |       ||     1
Armor: Scale mail        |    41 |       ||    41
       Chain mail        |       |   131 ||   131
Dodge: Dodged            |    55 |    91 ||   146
Block: Buckler           |    23 |    59 ||    82

Table legend: (Time is in decaauts)
 A = Elapsed time spent in this place.
 B = Non-inter-level travel time spent in this place.
 C = Inter-level travel time spent in this place.
 D = Time resting spent in this place.
 E = Time spent auto-exploring this place.
 F = Levels seen in this place.
 G = Mean time per level.
                   A        B        C        D        E       F      G
               +--------+--------+--------+--------+--------+-----+--------+
         Total |   3167 |   3062 |    105 |    261 |   2014 |   4 |  791.8 |
       Dungeon |   3167 |   3062 |    105 |    261 |   2014 |   4 |  791.8 |
               +--------+--------+--------+--------+--------+-----+--------+

Top non-repeatable levels by time:
     D:1: 1231 daAuts
     D:3: 860 daAuts
     D:2: 734 daAuts
     D:4: 341 daAuts
